 Dungeon Crawl Stone Soup version 0.28-a0-1404-g4df0f3684d (webtiles) character file.

Game seed: 12737574336285273661

2363 HallandMoats the Chopper (level 9, 0/69 HPs)
             Began as a Formicid Fighter on Jan 5, 2022.
             Was an Initiate of Gozag.
             Slain by a killer bee (3 damage)
             ... on level 6 of the Dungeon.
             The game lasted 00:07:46 (7005 turns).

HallandMoats the Chopper (Formicid Fighter)         Turns: 7005, Time: 00:07:50

Health: 0/69       AC:  7    Str: 27    XL:     9   Next: 72%
Magic:  12/12      EV: 11    Int:  9    God:    Gozag
Gold:   967        SH: 11    Dex: 14    Spells: 8/8 levels left

rFire   + . .      SeeInvis +   a - +0 hand axe (elec)
rCold   . . .      Faith    .   c - +0 buckler
rNeg    . . .      Spirit   .   b - +0 scale mail
rPois   .          Reflect  +   (helmet unavailable)
rElec   .          Harm     .   (no cloak)
rCorr   .          Rampage  .   (no gloves)
Will    .....                   (no boots)
Stlth   ..........              p - amulet of Sotoogy {Reflect rF+ Str+7 SH+5 Stlth-}
HPRegen 0.21/turn               (no ring)
MPRegen 0.13/turn               (no ring)

@: mighty, gold aura
A: permanent stasis, dig shafts and tunnels, antennae 3, four strong arms
a: Dig, Shaft Self, Renounce Religion, Potion Petition, Call Merchant, Bribe
Branch


You were on level 6 of the Dungeon.
You worshipped Gozag.
Gozag was pleased with you.
You visited 1 branch of the dungeon, and saw 6 of its levels.

You collected 1037 gold pieces.
You spent 70 gold pieces at shops.

Inventory:

Hand Weapons
 a - a +0 hand axe of electrocution (weapon)
 l - a +0 war axe
Armour
 b - a +0 scale mail (worn)
 c - a +0 buckler (worn)
Jewellery
 p - the amulet of Sotoogy (around neck) {Reflect rF+ Str+7 SH+5 Stlth-}
   (You found it on level 3 of the Dungeon)

   [amulet of reflection]

   It reflects blocked missile attacks.
   Str:       It affects your strength (+7).
   rF:        It protects you from fire.
   SH:        It affects your SH (+5).
   Stlth:     It makes you less stealthy.
 q - a ring of magical power
 y - a ring of magical power
Wands
 w - a wand of mindburst (7)
 A - a wand of iceblast (17)
Scrolls
 h - a scroll of vulnerability {unknown}
 i - a scroll of enchant weapon {unknown}
 j - 5 scrolls of identify {unknown}
 m - 3 scrolls of teleportation {unknown}
 s - a scroll of noise {unknown}
 t - a scroll of immolation {unknown}
 v - a scroll of amnesia {unknown}
 x - a scroll of enchant armour {unknown}
Potions
 d - 2 potions of might
 e - 6 potions of curing {unknown}
 f - a potion of cancellation {unknown}
 g - a potion of berserk rage {unknown}
 k - 2 potions of lignification {unknown}
 n - a potion of degeneration {unknown}
 o - a potion of resistance {unknown}
 r - 2 potions of magic {unknown}
 u - a potion of attraction {unknown}
 z - a potion of brilliance


   Skills:
 + Level 6.1 Fighting
 * Level 6.9 Axes
 + Level 6.1 Armour
 + Level 4.0 Dodging
 + Level 6.6 Shields
 + Level 5.2 Invocations


You had 8 spell levels left.
You didn't know any spells.
Your spell library was empty.

Dungeon Overview and Level Annotations

Branches:
Dungeon (6/15)
 Temple: D:4-7

Altars:
Gozag
Kikubaaqudgha

Shops:
D:3 !

Annotations:
D:6 Pikel


Innate Abilities, Weirdness & Mutations

You cannot be hasted, slowed, berserked, paralysed or teleported.
You can dig through walls and to a lower floor.
You have a pair of large antennae on your head. (SInv)
Your four strong arms can wield two-handed weapons with a shield.


Message History

The killer bee stings you!
The killer bee stings you but does no damage.
The killer bee closely misses you. You block the killer bee's attack.
The killer bee barely misses you.
You miss the killer bee.
You closely miss the killer bee. x2; You feel sick.
The killer bee stings you but does no damage.
The killer bee stings you. The killer bee closely misses you.
You block the killer bee's attack. The killer bee barely misses you. x2
Unknown command.
You miss the killer bee. You closely miss the killer bee.
You hit the killer bee.
You feel sick. You block the killer bee's attack. x2
The killer bee stings you.
* * * LOW HITPOINT WARNING * * *
You block the killer bee's attack. The killer bee completely misses you.
The killer bee closely misses you.
Unknown command.
You closely miss the killer bee.
You miss the killer bee. x2; You feel sick.
The killer bee stings you but does no damage.
The killer bee barely misses you. You block the killer bee's attack. x2
The killer bee stings you.
* * * LOW HITPOINT WARNING * * *
Unknown command.
You slash the killer bee!
The killer bee is almost dead.
You closely miss the killer bee. You hit the killer bee.
You feel sick. You block the killer bee's attack.
The killer bee closely misses you. You block the killer bee's attack.
The killer bee stings you but does no damage.
The killer bee stings you!
* * * LOW HITPOINT WARNING * * *
The killer bee stings you.
* * * LOW HITPOINT WARNING * * *
You slash the killer bee!
Lightning courses through the killer bee!
You kill the killer bee!
You miss the killer bee. x2; You feel sick.
You are no longer poisoned.
The killer bee stings you.
You die...
Your body crumbles into a pile of gold.

#........#.# #..#####
#........#.# #..#
#........#..####..#
...####+##........# {
#.......##........###
##########..........#
##'####.##.# $
.......yy55### #
.###@#{{..# #$#.##.#{
#K.....# #.######{
..........5.5#
#.##.##.#.#5... ..
...... ## ## #.# #.#
... .#


You could see Pikel, 2 lemures and 2 killer bees.

Vanquished Creatures
  Duvessa (D:4)
  2 necrophages (D:6)
  2 ice beasts
  An orc warrior (D:4)
  6 ogres
  A lemure (D:6)
  2 phantoms
  A wyvern zombie (D:5)
  Blork the orc (D:6)
  2 scorpions (D:6)
  2 jellies (D:6)
  Dowan (D:4)
  A water moccasin skeleton (D:5)
  3 killer bees (D:6)
  A gnoll shaman (D:6)
  An orc priest (D:5)
  3 hounds (D:4)
  Jessica (D:3)
  4 iguanas
  2 orc wizards (D:5)
  Natasha (thrice) (D:3)
  A hound skeleton (D:4)
  A howler monkey zombie (D:6)
  7 adders
  8 gnolls
  A howler monkey skeleton (D:5)
  An adder skeleton (D:4)
  4 worms (D:3)
  6 dart slugs
  7 orcs
  4 endoplasms
  2 giant cockroaches
  8 goblins
  9 hobgoblins
  A jackal (D:4)
  4 quokkas (D:4)
  4 ball pythons
  7 bats
  A frilled lizard (D:2)
  6 kobolds
  5 rats
128 creatures vanquished.

Vanquished Creatures (others)
  A demonic plant (D:1)
  4 plants (D:1)
5 creatures vanquished.

Grand Total: 133 creatures vanquished

Notes
Turn   | Place    | Note
-------+----------+-------------------------------------------
     0 | D:1      | HallandMoats the Formicid Fighter began the quest for the
                  | Orb.
     0 | D:1      | Reached XP level 1. HP: 18/18 MP: 1/1
   277 | D:1      | Found a faded altar of an unknown god.
   301 | D:1      | Reached XP level 2. HP: 24/24 MP: 2/2
   313 | D:1      | Prayed at the altar of an unknown god.
   313 | D:1      | Became a worshipper of Gozag Ym Sagoz the Greedy
   511 | D:1      | Reached XP level 3. HP: 27/29 MP: 3/3
  1197 | D:2      | Found an ancient bone altar of Kikubaaqudgha.
  1216 | D:2      | Reached skill level 1 in Invocations
  1444 | D:2      | Reached XP level 4. HP: 36/36 MP: 4/4
  2006 | D:3      | Identified the amulet of Sotoogy {Reflect rF+ Str+7 SH+5
                  | Stlth-}
  2019 | D:3      | Reached skill level 1 in Dodging
  2021 | D:3      | Found Miedasoc's Distillery.
  2033 | D:3      | Noticed Jessica
  2036 | D:3      | Killed Jessica
  2057 | D:3      | Reached XP level 5. HP: 36/42 MP: 4/6
  2289 | D:3      | Noticed Natasha
  2294 | D:3      | Killed Natasha
  2398 | D:3      | Noticed Natasha
  2406 | D:3      | Killed Natasha
  2407 | D:3      | Reached XP level 6. HP: 42/48 MP: 7/7
  2525 | D:3      | Bought a potion of heal wounds for 70 gold pieces
  2595 | D:3      | Noticed Natasha
  2606 | D:3      | Killed Natasha
  3113 | D:4      | Noticed an ogre
  3115 | D:4      | Killed an ogre
  3263 | D:4      | Reached XP level 7. HP: 54/54 MP: 8/8
  3454 | D:4      | Reached skill level 5 in Shields
  3837 | D:4      | Reached XP level 8. HP: 58/61 MP: 10/10
  3885 | D:4      | Noticed Duvessa
  3885 | D:4      | Noticed Dowan
  3894 | D:4      | Killed Duvessa
  3895 | D:4      | Reached skill level 5 in Axes
  3910 | D:4      | Killed Dowan
  4088 | D:4      | Reached skill level 5 in Armour
  4511 | D:5      | Entered Level 5 of the Dungeon
  4518 | D:5      | Reached skill level 5 in Fighting
  5703 | D:5      | Reached XP level 9. HP: 22/68 MP: 12/12
  6376 | D:6      | Found an opulent altar of Gozag.
  6614 | D:6      | Noticed Blork the orc
  6626 | D:6      | Killed Blork the orc
  6734 | D:6      | Reached skill level 5 in Invocations
  6998 | D:6      | Noticed Pikel
  7005 | D:6      | HP: 3/69 [poisoned by a killer bee]
  7005 | D:6      | Slain by a killer bee

Illustrated notes

Levels and vault maps discovered:
D:1:      mrwooster_arrival_statue, layout_basic, shapermc_ecumenical_altar_gd,
          st_stairs_6
D:2:      layout_basic, basic_altar, amcnicky_mini_corridor_feature,
          minmay_misc_feat_encased, lightli_corner_chamber
D:3:      layout_rooms, serial_corexii_hall, corexii_hall_statues_s,
          corexii_hall_statues_u, corexii_hall_statues_l,
          corexii_hall_statues_i, serial_shops, nicolae_shop_hallway_stairs,
          uniq_natasha, uniq_jessica
D:4:      layout_gridville, nzn_random_ring, uniq_duvessa
D:5:      layout_gridville
D:6:      layout_basic, overflow_temple_1_default, kennysheep_generic_room_3,
          uniq_blork_the_orc, uniq_pikel

Skill      XL: |  1  2  3  4  5  6  7  8  9 |
---------------+----------------------------+-----
Invocations    | 1 2 3 4 5 |  5.2
Shields        | 4 5 6 |  6.6
Dodging        | 1 2 3 4 |  4.0
Axes           | 3 4 6 |  6.9
Fighting       | 4 5 6 |  6.1
Armour         | 4 5 6 |  6.1

Action                   |  1- 3 |  4- 6 |  7- 9 || total
-------------------------+-------+-------+-------++-------
Melee: War axe           |    45 |       |       ||    45
       Hand axe          |    17 |   126 |   259 ||   402
Evoke: Wand              |       |       |     2 ||     2
  Use: Potion            |       |       |     4 ||     4
 Stab: Distracted        |       |     1 |     2 ||     3
Armor: Scale mail        |    31 |    40 |    58 ||   129
Dodge: Dodged            |    23 |    45 |   103 ||   171
Block: Buckler           |     8 |    63 |   121 ||   192
       Reflection        |       |       |     1 ||     1

Table legend: (Time is in decaauts)
 A = Elapsed time spent in this place.
 B = Non-inter-level travel time spent in this place.
 C = Inter-level travel time spent in this place.
 D = Time resting spent in this place.
 E = Time spent auto-exploring this place.
 F = Levels seen in this place.
 G = Mean time per level.
                   A        B        C        D        E       F      G
               +--------+--------+--------+--------+--------+-----+--------+
         Total |   7062 |   6831 |    231 |   1048 |   4771 |   6 | 1177.0 |
       Dungeon |   7062 |   6831 |    231 |   1048 |   4771 |   6 | 1177.0 |
               +--------+--------+--------+--------+--------+-----+--------+

Top non-repeatable levels by time:
     D:5: 1766 daAuts
     D:4: 1693 daAuts
     D:1: 1215 daAuts
     D:3: 845 daAuts
     D:2: 812 daAuts
     D:6: 729 daAuts
